 Dungeon Crawl Stone Soup version 0.27-a0-797-g27d10ad80f (webtiles) character file.

Game seed: 15591077320639593142

165 polve the Chopper (level 5, -1/63 HPs)
             Began as a Demonspawn Abyssal Knight on Mar 27, 2021.
             Was a Priest of Lugonu.
             Slain by a bullfrog (7 damage)
             ... in a sewer.
             The game lasted 00:02:17 (3456 turns).

polve the Chopper (Demonspawn Abyssal Knight)       Turns: 3456, Time: 00:02:18

Health: -1/63      AC:  3    Str: 11 (13) XL:     5   Next: 21%
Magic:  6/6        EV: 11    Int: 13 (14) God:    Lugonu [***...]
Gold:   104        SH:  9    Dex: 11 (12) Spells: 4/4 levels left

rFire    + . .     SeeInvis .   a - +1 hand axe
rCold    + . .     Faith    .   (no shield)
rNeg     . . .     Spirit   .   b - +0 leather armour
rPois    +         Reflect  +   (no helmet)
rElec    +         Harm     .   (no cloak)
rCorr    +         Rampage  .   (no gloves)
Will     .....                  (no boots)
Stlth    ..........             h - amulet of reflection
HPRegen  0.20/turn              (no ring)
MPRegen  0.10/turn              (no ring)

@: berserking, resistant, very quick
A: talons 1, demonic guardian 1, condensation shield
a: Renounce Religion, Depart the Abyss, Bend Space, Banish


You were in a sewer.
You worshipped Lugonu.
Lugonu was most pleased with you.
You visited 1 branch of the dungeon, and saw 3 of its levels.
You visited the Abyss 1 time.
You also visited: Sewer.

You collected 104 gold pieces.

Inventory:

Hand Weapons
 a - a +1 hand axe (weapon)
Armour
 b - a +0 leather armour (worn)
 k - a +0 cloak
Jewellery
 h - an amulet of reflection (around neck)
 p - an amulet of magic regeneration
Scrolls
 d - a scroll of fear {unknown}
 j - a scroll of noise {unknown}
 m - a scroll of brand weapon {unknown}
 n - a scroll of teleportation {unknown}
 o - a scroll of acquirement {unknown}
Potions
 e - a potion of flight {unknown}
 l - a potion of brilliance
 q - a potion of magic


   Skills:
 + Level 4.1 Fighting
 * Level 4.2 Axes
 - Level 1.7 Armour
 - Level 0.8 Dodging
 - Level 2.4 Invocations


You had 4 spell levels left.
You didn't know any spells.
Your spell library contained the following spells:

 Spells                   Type           Power      Damage    Failure   Level
 Cause Fear               Hex            0%         N/A       99%         4
 Silence                  Hex/Air        0%         N/A       100%        5
 Yara's Violent Unravell  Hex/Tmut       0%         3d3       100%        5
 Discord                  Hex            0%         N/A       100%        8


Dungeon Overview and Level Annotations

Branches:
Dungeon (3/15)              Sewer (1/1)

Altars:
Yredelemnul


Innate Abilities, Weirdness & Mutations

You have sharp toenails.
A weak demonic guardian rushes to your aid.
A meltable shield of frost defends you. (SH +4)


Message History

The giant cockroach bites you but does no damage.
The adder bites you. The bullfrog hits you. You block the bullfrog's attack.
You feel sick.
You are no longer poisoned.
You barely miss the bullfrog.
The bullfrog is lightly wounded.
You hit the giant cockroach.
You kill the giant cockroach!
Lugonu accepts your kill.
You hit the adder. The bullfrog hits you. You block the bullfrog's attack.
You block the adder's attack. The bullfrog hits you.
It was a potion of degeneration.
There was something very wrong with that liquid.
You feel weakened.
You feel dopey.
You feel clumsy. The bullfrog barely misses you.
The adder bites you but does no damage. You block the bullfrog's attack.
The giant cockroach barely misses you.
You block the bullfrog's attack. x2; The adder bites you but does no damage.
It was a potion of berserk rage.
A red film seems to cover your vision as you go berserk!
You feel yourself moving faster!
You feel mighty! The bullfrog hits you.
* * * LOW HITPOINT WARNING * * *
The giant cockroach bites you but does no damage.
The bullfrog closely misses you. The adder bites you.
* * * LOW HITPOINT WARNING * * *
You closely miss the adder. You claw the adder.
You kill the adder!
Lugonu accepts your kill.
You miss the bullfrog. You completely miss the bullfrog.
You closely miss the giant cockroach. The bullfrog hits you.
* * * LOW HITPOINT WARNING * * *
The giant cockroach bites you but does no damage.
The bullfrog hits you.
* * * LOW HITPOINT WARNING * * *
A demonic guardian appears!
The bullfrog hits you.
* * * LOW HITPOINT WARNING * * *
You barely miss the bullfrog.
The bullfrog is lightly wounded.
You closely miss the bullfrog. You closely miss the giant cockroach.
The bullfrog hits you!
You die...

#.≈≈.##.≈≈..#######≈≈≈≈≈##≈≈
##≈≈≈##≈≈.†###≈≈≈≈≈###≈†≈≈##≈
#.≈≈.#.≈≈≈##≈≈≈..≈≈≈≈##≈.≈≈#≈
##≈≈≈##.≈≈##≈≈≈..≈≈≈≈≈
##≈≈≈##
#.≈≈≈#≈≈≈≈#≈≈..?!:.≈≈. #≈≈≈≈#
#∩..≈#≈≈..#≈≈.$)..≈≈.≈ #≈.≈≈#
#..≈≈#≈≈≈.#5≈≈..≈≈.≈≈≈ #.†≈≈#
##≈≈≈##≈≈†#≈.≈BJ≈≈≈≈≈≈
##≈≈≈##
#≈≈≈.#≈≈≈#≈≈@F≈≈≈.≈≈≈##.≈≈≈#†
##.≈.##≈≈##≈F#≈..≈≈###≈≈≈≈##≈
#≈.≈≈##≈.#≈.#######≈≈≈≈≈##≈≈
##.≈≈≈#†≈##≈..≈≈≈≈.≈≈≈###≈≈.
##..≈.≈≈≈#..≈.≈≈≈≈####≈≈≈.≈
####≈≈.#######≈∩≈#≈≈≈≈≈≈≈#
##≈≈#≈≈≈≈≈#####≈≈.≈####
####≈≈≈.≈.≈†≈.†####.≈∩
#≈.†#########≈...≈#


You could see 2 bullfrogs, an endoplasm, a giant cockroach and a friendly
ufetubus (summoned).

Vanquished Creatures
  6 adders
  2 worms (D:2)
  A dart slug (D:1)
  6 endoplasms
  14 giant cockroaches
  4 goblins (D:2)
  7 hobgoblins
  2 jackals (D:2)
  15 quokkas
  9 ball pythons
  2 bats (D:1)
  8 frilled lizards
  9 kobolds
  10 rats
95 creatures vanquished.

Vanquished Creatures (collateral kills)
  An endoplasm (Sewer)
  A quokka (Sewer)
2 creatures vanquished.

Vanquished Creatures (others)
  2 plants (D:3)
2 creatures vanquished.

Grand Total: 99 creatures vanquished

Notes
Turn   | Place    | Note
-------+----------+-------------------------------------------
     0 | Abyss:1  | polve the Demonspawn Abyssal Knight began the quest for the
                  | Orb.
     0 | Abyss:1  | Reached XP level 1. HP: 18/18 MP: 2/2
    93 | Abyss:1  | Noticed a tentacled starspawn
    94 | D:1      | Escaped the Abyss
   545 | D:1      | Gained mutation: A meltable shield of frost defends you.
                  | (SH +4) [demonic ancestry]
   545 | D:1      | Reached XP level 2. HP: 24/24 MP: 3/3
   972 | D:1      | Reached * piety under Lugonu
  1409 | D:2      | Found a basalt altar of Yredelemnul.
  1463 | D:2      | Gained mutation: You have sharp toenails. [demonic
                  | ancestry]
  1463 | D:2      | Reached XP level 3. HP: 6/29 MP: 4/4
  2096 | D:2      | Reached XP level 4. HP: 17/37 MP: 5/5
  2764 | D:3      | Found a glowing drain.
  2790 | Sewer    | Entered a sewer
  2894 | Sewer    | Reached ** piety under Lugonu
  3257 | Sewer    | Gained mutation: A weak demonic guardian rushes to your
                  | aid. [demonic ancestry]
  3257 | Sewer    | Reached XP level 5. HP: 36/42 MP: 6/6
  3448 | Sewer    | Reached *** piety under Lugonu
  3456 | Sewer    | Slain by a bullfrog

Illustrated notes

Levels and vault maps discovered:
D:1:      dpeg_arrival_ternary, layout_basic
D:2:      layout_loops_ring, nicolae_overflow_crystal_walls
D:3:      wad_woods_tower, layout_loops_corners, portal_sewer_entry_f,
          serial_shops, nicolae_shop_competitors_out_of_business
Sewer:    sewer_frog_island_02

Skill      XL: |  1  2  3  4 |
---------------+-------------+-----
Axes           | 2 3 4 |  4.2
Fighting       | 4 |  4.1
Armour         | |  1.7
Dodging        | |  0.8
Invocations    | |  2.4

Action                   |  1- 3 |  4- 6 || total
-------------------------+-------+-------++-------
Melee: Hand axe          |   111 |   148 ||   259
       Kick              |     7 |    20 ||    27
Invok: Depart the Abyss  |     1 |       ||     1
  Use: Scroll            |       |     2 ||     2
       Potion            |       |     3 ||     3
Armor: Leather armour    |    24 |    30 ||    54
Dodge: Dodged            |    44 |    58 ||   102
Block: Other             |    22 |    91 ||   113

Table legend: (Time is in decaauts)
 A = Elapsed time spent in this place.
 B = Non-inter-level travel time spent in this place.
 C = Inter-level travel time spent in this place.
 D = Time resting spent in this place.
 E = Time spent auto-exploring this place.
 F = Levels seen in this place.
 G = Mean time per level.
                   A        B        C        D        E       F      G
               +--------+--------+--------+--------+--------+-----+--------+
         Total |   3550 |   3515 |     35 |      0 |   2946 |   5 |  710.0 |
       Dungeon |   2721 |   2686 |     35 |      0 |   2362 |   3 |  907.0 |
         Abyss |     94 |     94 |      0 |      0 |     92 |   1 |   94.0 |
         Sewer |    735 |    735 |      0 |      0 |    492 |   1 |  735.0 |
               +--------+--------+--------+--------+--------+-----+--------+

Top non-repeatable levels by time:
     D:1: 1323 daAuts
     D:2: 1285 daAuts
   Sewer: 735 daAuts
     D:3: 112 daAuts
 Abyss:1: 94 daAuts
